AoeStats
← SeemsFishy

Black Forest

508938155Analyzed
4v4 RM · 6d ago on Sep 24, 2026· 42m 27s· 8 players
Game mode
Random Map
Map size
Large (8 player)
Population
200
Speed
Normal
Resources
Standard
Victory
Conquest
Starting age
Dark Age
Ending age
Imperial Age
RankedLock teamsTeams togetherTeam positionsShared explorationLock speedFull tech treeHidden civsTurbo modeCheats
Victory
Defeat
🇺🇸 Jurchens · United States
1451
+14
🇩🇪 Saracens · Germany
1450
+14
🇳🇱 Dravidians · Netherlands
1439
+15
🇧🇪 Persians · Belgium
1419
+16
🇨🇳 Cumans · China
1452
-16
🇬🇧 Spanish · United Kingdom
1413
-15
🇳🇱 Celts · Netherlands
1399
-14
🇧🇪 Italians · Belgium
1383
-14
[Odst] Sheppard
0:42 Loom
11:16 Feudal Age
15:03 Castle Age
13:12 Double-Bit Axe
13:14 Horse Collar
16:13 Heavy Plow
21:43 Forging
25:36 Wheelbarrow
25:42 Scale Mail Armor
26:19 Iron Casting
27:33 Scale Barding Armor
29:03 Bow Saw
28:46 Gold Mining
28:55 Stone Mining
29:48 Town Watch
32:50 Fletching
32:51 Elite Skirmisher
34:30 Bodkin Arrow
34:36 Padded Archer Armor
37:49 Imperial Age
37:05 Leather Archer Armor
37:19 Ballistics
38:35 Bracer
39:05 Ring Archer Armor
40:17 Chemistry
41:20 Two-Man Saw
Rien
1:43 Loom
16:06 Feudal Age
19:41 Castle Age
18:06 Double-Bit Axe
18:02 Horse Collar
20:46 Bow Saw
23:07 Gold Mining
26:50 Wheelbarrow
26:16 Town Watch
27:57 Gold Mining
29:04 Heavy Plow
32:06 Scale Barding Armor
32:39 Hand Cart
36:02 Imperial Age
36:07 Scale Mail Armor
36:17 Forging
36:07 Onager
36:42 Pikeman
37:22 Squires
37:18 Halberdier
38:56 Conscription
39:17 Chain Mail Armor
39:37 Iron Casting
38:52 Fletching
39:12 Arson
40:39 Ballistics
41:19 Chemistry
40:30 Masonry
40:55 Plate Mail Armor
41:05 Plate Mail Armor
40:25 Fletching
42:27 Two-Man Saw
41:22 Stone Mining
[LegendB] deadboi
11:23 Feudal Age
15:13 Castle Age
13:04 Horse Collar
13:16 Double-Bit Axe
16:52 Bow Saw
17:39 Heavy Plow
21:14 Gold Mining
24:58 Gold Shaft Mining
24:13 Loom
25:04 Wheelbarrow
28:41 Imperial Age
26:19 Scale Barding Armor
26:25 Forging
27:28 Chain Barding Armor
27:44 Bloodlines
27:35 Husbandry
28:06 Hand Cart
28:18 Onager
28:20 Cavalier
29:38 Plate Barding Armor
29:59 Iron Casting
30:37 Savar
33:52 Blast Furnace
34:40 Heavy Camel Rider
38:49 Caravan
41:50 Light Cavalry
AML4554
7:47 Loom
11:24 Feudal Age
12:47 Double-Bit Axe
15:22 Castle Age
13:43 Horse Collar
16:38 Bow Saw
21:20 Wheelbarrow
24:23 Hand Cart
24:45 Hand Cart
25:27 Heavy Plow
30:43 Imperial Age
29:14 Scale Mail Armor
29:25 Forging
29:54 Coinage
29:53 Squires
29:39 Arson
30:13 Chain Mail Armor
30:08 Gambesons
30:50 Elite Fire Lancer
32:06 Gold Mining
35:12 Conscription
36:21 Chemistry
35:28 Siege Engineers
36:12 Heavy Rocket Cart
sdk
0:28 Loom
16:14 Feudal Age
17:09 Horse Collar
17:15 Double-Bit Axe
20:44 Town Watch
26:18 Castle Age
25:37 Gold Mining
26:53 Wheelbarrow
27:30 Bow Saw
30:20 Heavy Plow
31:38 Fletching
32:26 Bodkin Arrow
32:42 Forging
32:34 Scale Mail Armor
37:05 Hand Cart
krsna
4:34 Loom
13:15 Feudal Age
14:10 Double-Bit Axe
17:01 Castle Age
14:48 Horse Collar
16:30 Wheelbarrow
18:46 Bow Saw
24:14 Stone Mining
29:36 Imperial Age
27:19 Heavy Plow
28:25 Fletching
28:36 Padded Archer Armor
31:56 Imperial Age
29:28 Bodkin Arrow
29:42 Gold Mining
30:28 Stone Shaft Mining
30:09 Caravan
30:53 Leather Archer Armor
31:46 Thumb Ring
32:04 Ballistics
32:02 Elite Genoese Crossbowman
33:07 Conscription
32:09 Capped Ram
33:48 Bracer
34:26 Ring Archer Armor
35:00 Chemistry
36:28 Scale Barding Armor
36:33 Forging
37:22 Bloodlines
36:32 Light Cavalry
37:13 Husbandry
37:36 Chain Barding Armor
40:02 Plate Barding Armor
40:03 Iron Casting
SeemsFishy
9:05 Loom
12:43 Feudal Age
16:04 Castle Age
14:20 Double-Bit Axe
14:18 Horse Collar
17:47 Bow Saw
20:08 Town Watch
21:04 Wheelbarrow
21:55 Gold Mining
22:20 Heavy Plow
23:46 Hand Cart
24:31 Stone Mining
25:56 Stone Shaft Mining
26:26 Sanctity
29:41 Imperial Age
28:11 Scale Barding Armor
28:16 Forging
28:37 Sanctity
29:35 Chain Barding Armor
29:54 Cavalier
31:49 Plate Barding Armor
31:49 Iron Casting
31:57 Paladin
33:48 Husbandry
35:13 Bloodlines
36:58 Blast Furnace
37:59 Fletching
41:04 Supremacy
41:39 Light Cavalry
42:47 Conscription
42:14 Elite Conquistador
牛比无极限
0:53 Loom
11:32 Feudal Age
12:43 Double-Bit Axe
14:57 Wheelbarrow
15:07 Horse Collar
23:29 Castle Age
23:35 Pikeman
29:55 Scale Mail Armor
31:36 Squires
34:47 Forging
35:55 Hand Cart
36:56 Iron Casting
36:37 Chain Mail Armor
Connection lost

Rejoining the realm…

Still unreachable

The connection could not be restored.

Session expired

The server has moved on; the page needs a fresh start.